[Event "*** Titled Tuesday Blitz"]
[Site "Chess.com"]
[Date "2020.04.07"]
[Round "9"]
[White "GMHess"]
[Black "Noam_Vitenberg"]
[Result "1-0"]
[WhiteElo "2771"]
[BlackElo "2476"]
[TimeControl "180+1"]
[EndTime "14:47:53 PDT"]
[Termination "GMHess won on time"]

1. b3 d5 2. Bb2 e6 3. d3 Nf6 4. Nd2 Be7 5. e4 O-O 6. g4 b6 7. Bg2 Bb7 8. Qe2 c5 9. O-O-O a5 10. f4 a4 11. e5 Nfd7 12. f5 axb3 13. axb3 Nc6 14.
Nh3 Ndxe5 15. fxe6 f6 16. Nf4 Nb4 17. c3 Na2+ 18. Kc2 d4 19. Bxb7 dxc3 20. Nd5 Ra7 21. Nxc3 Nb4+ 22. Kb1 Rxb7 23. Nc4 Nec6 24. Qe4 Ra7 25.
d4 Nxd4 26. Nb5 Qa8 27. Qxa8 Raxa8 28. Nxd4 cxd4 29. Rxd4 Rfd8 30. Rhd1 Rxd4 31. Rxd4 b5 32. Rd7 Kf8 33. Nb6 Rd8 34. Rb7 Re8 35. Nd7+ Kg8 36. Rxb5 Nc6 37. Rb6 Nd8 38. Bd4 Bf8 39. Nxf8 Kxf8 40.
Bc5+ Kg8 41. e7 Nf7 42. b4 Ne5 43. Rd6 Nc4 44. Rd8 Kf7 45. b5 1-0

[Event "*** Titled Tuesday Blitz"]
[Site "Chess.com"]
[Date "2020.04.07"]
[Round "9"]
[White "AllStarShark"]
[Black "esteban062000"]
[Result "1-0"]
[WhiteElo "2318"]
[BlackElo "2162"]
[TimeControl "180+1"]
[EndTime "14:47:54 PDT"]
[Termination "AllStarShark won by resignation"]

1. d4 Nf6 2. Bg5 Ne4 3. Bf4 d5 4. e3 Bf5 5. Bd3 e6 6. f3 Nd6 7.
Bxd6 Bxd6 8. Bxf5 Qh4+ 9. Kf1 exf5 10. Qd3 O-O 11. Nd2 Nc6 12. c3 Rae8 13. f4 Qe7 14.
Kf2 Qd7 15. Ngf3 Re7 16. Ne5 Bxe5 17. fxe5 f6 18. exf6 Rxf6 19. Rae1 f4 20. exf4 Rxf4+ 21. Nf3 Ref7 22. Rhf1 Qg4 23. Kg1 g6 24. h3 Qg3 25.
Re3 Ne7 26. Qe2 Nf5 27. Re8+ Kg7 28. Qf2 Qxf2+ 29. Rxf2 Nh4 30. Re3 Nxf3+ 31. Rexf3 Rxf3 32. gxf3 Rf4 33. Kg2 c6 34. Re2 Rf7 35. Kg3 Kf6 36. Kf4 Re7 37. Rxe7 Kxe7 38. Ke5 h6 39. f4 b6 40. b4 a6 41. a4 b5 42. a5 h5 43.
h4 Kf7 44. f5 gxf5 45. Kxf5 Ke7 46. Kg5 Ke6 47. Kxh5 Kf5 48. Kh6 Kf6 49. h5 Kf7 50. Kg5 Ke6 51. Kg6 Ke7 52. h6 Ke8 53. h7 1-0

[Event "*** Titled Tuesday Blitz"]
[Site "Chess.com"]
[Date "2020.04.07"]
[Round "9"]
[White "LikeWater"]
[Black "Icewizard1"]
[Result "1/2-1/2"]
[WhiteElo "2691"]
[BlackElo "2859"]
[TimeControl "180+1"]
[EndTime "14:47:55 PDT"]
[Termination "Game drawn - insufficient material"]

1. e4 c5 2. Nf3 d6 3. Nc3 Nf6 4. e5 dxe5 5. Nxe5 a6 6. g3 Qc7 7. d4 cxd4 8. Qxd4 Nc6 9. Nxc6 Qxc6 10. Bg5 Bg4 11. Bxf6 Bf3 12. Bxg7 Rd8 13. Qe5 f6 14. Bxf6 Qxf6 15. Qxf6 exf6 16. Rg1 Bb4 17. Bg2 Bxg2 18. Rxg2 Kf7 19. f3 h5 20. Rd1 Bxc3+ 21. bxc3 Rxd1+ 22. Kxd1 Rc8 23. Kd2 Rc4 24. g4 h4 25. g5 f5 26. g6+ Kg7 27. Rg5 Rf4 28. Ke3 Rc4 29. Kd3 Rf4 30. Ke3 Ra4 31. Rxf5 Kxg6 32. Rf4 Rxa2 33.
Rxh4 Rxc2 34. Kd3 Rf2 35. Ke3 Rc2 36. Kd3 Rf2 37. Ke3 Ra2 38. c4 Ra3+ 39. Ke4 Rc3 40.
Rg4+ Kh5 41. Kd5 Rxf3 42. Rg7 Rd3+ 43. Kc5 Rb3 44. Rg8 b5 45. cxb5 Rxb5+ 46. Kc4 Ra5 47. Rh8+ Kg6 48. h4 Ra4+ 49. Kb3 Ra5 50. h5+ Rxh5 51. Rxh5 Kxh5 52. Ka4 a5 53. Kxa5 1/2-1/2

[Event "*** Titled Tuesday Blitz"]
[Site "Chess.com"]
[Date "2020.04.07"]
[Round "9"]
[White "Vuk2000"]
[Black "IMJonathanCarlstedt"]
[Result "0-1"]
[WhiteElo "2616"]
[BlackElo "2491"]
[TimeControl "180+1"]
[EndTime "14:47:56 PDT"]
[Termination "IMJonathanCarlstedt won by checkmate"]

1. d4 g6 2. e4 Bg7 3. Nf3 d6 4. Nc3 a6 5. Bg5 h6 6. Bh4 b5 7. Bd3 Bb7 8. O-O Nd7 9. a4 b4 10. Ne2 c5 11. c3 bxc3 12. bxc3 Qc7 13. Rb1 Ngf6 14. e5 Bxf3 15. exf6 Bxf6 16. Bxf6 Bxe2 17. Qxe2 Nxf6 18. Bxa6 O-O 19. Bb5 Kg7 20. Rfe1 e6 21. Qd3 Rfc8 22. c4 cxd4 23. Qxd4 Qc5 24. Qb2 Rcb8 25.
Rbd1 Rxa4 26. Qd2 Ra7 27. Qxd6 Rc7 28. Qd3 e5 29. Qe2 e4 30. Rd2 Re7 31. h3 Rb6 32.
Qe3 Qe5 33. Red1 Rbe6 34. c5 Rc7 35. Rc2 Nd5 36. Qd4 Qxd4 37. Rxd4 Nf4 38. h4 g5 39. g3 Ng6 40. hxg5 hxg5 41. Rd5 Ne5 42. Kg2 f5 43. c6 Kf6 44. Rdc5 f4 45. Ba4 f3+ 46. Kg1 Kf5 47. Bb3 Rh6 48. Rd5 Rch7 49. g4+ Kf4 50. Rxe5 Rh1# 0-1

[Event "*** Titled Tuesday Blitz"]
[Site "Chess.com"]
[Date "2020.04.07"]
[Round "9"]
[White "PowerThinking2650"]
[Black "quesfr"]
[Result "0-1"]
[WhiteElo "2344"]
[BlackElo "2209"]
[TimeControl "180+1"]
[EndTime "14:47:57 PDT"]
[Termination "quesfr won by resignation"]

1. e4 e6 2. d4 d5 3. Nd2 c5 4.
Ngf3 cxd4 5. exd5 Qxd5 6. Bc4 Qd7 7. Qe2 Nc6 8. Nb3 a6 9. Bf4 Bb4+ 10. Nfd2 Nf6 11. O-O-O b5 12. Bd3 Nd5 13. Bg3 O-O 14. Nf3 Bb7 15. Nbxd4 Nxd4 16. Nxd4 Rac8 17. Be5 Qe7 18.
Qh5 g6 19. Qh6 f6 20. Nxe6 Qxe6 21. Bxg6 Qd7 22. Rd3 fxe5 23. Rg3 Kh8 24. Bf5 Qe7 25. Bxc8 Bxc8 26. Rd1 Nf4 27. a3 Ne2+ 28. Kb1 Nxg3 29. hxg3 Bc5 30. f3 Bf5 31. Rd5 Bd4 32. g4 Be6 33.
Rxd4 exd4 34. Qd2 Qf6 35. Ka1 Bc4 36. b3 Bf7 37. Ka2 Bg6 38. g5 Qg7 39. Qb4 Rc8 40. a4 Rxc2+ 41. Ka3 bxa4 42. Qxa4 Rc8 43. Qb4 Qf8 44. Qxf8+ Rxf8 45. Kb4 Rd8 46. Kc5 d3 47. Kc6 d2 48. Kc7 d1=Q 0-1

[Event "*** Titled Tuesday Blitz"]
[Site "Chess.com"]
[Date "2020.04.07"]
[Round "9"]
[White "Dinamo81"]
[Black "sergiochess83"]
[Result "1-0"]
[WhiteElo "2727"]
[BlackElo "2822"]
[TimeControl "180+1"]
[EndTime "14:47:58 PDT"]
[Termination "Dinamo81 won on time"]

1. e4 e5 2. Nf3 Nc6 3. d4 exd4 4. Bc4 Nf6 5. e5 Ne4 6. Qe2 Nc5 7. O-O Be7 8. Rd1 Ne6 9. c3 d5 10. Bb5 dxc3 11.
Nxc3 d4 12. Ne4 O-O 13. a3 a6 14. Bd3 Na5 15. Qc2 c5 16. Bd2 b5 17. Nd6 h6 18.
Be4 Rb8 19. b4 Bxd6 20. exd6 Nc4 21. bxc5 Nxc5 22. Nxd4 Nxe4 23. Qxe4 Bb7 24. Qg4 Nxd2 25. Rxd2 Qxd6 26. Qxg7+ Kxg7 27. Nf5+ Kg6 28. Nxd6 Rbd8 29. Rad1 Bc6 30. Rd4 Rd7 31. Nf5 Rxd4 32. Nxd4 Rd8 33. f3 a5 34. Kf2 Be8 35. Ke3 Rc8 36. Kd3 Rc4 37. Rb1 Ra4 38. Nxb5 Bxb5+ 39. Rxb5 Rxa3+ 40. Ke4 Ra2 41. g4 Rxh2 42. Rxa5 Re2+ 43. Kf4 f6 44. Ra6 Re1 45. Ra5 Re2 46. Ra6 1-0

[Event "*** Titled Tuesday Blitz"]
[Site "Chess.com"]
[Date "2020.04.07"]
[Round "9"]
[White "Vamostodorecto"]
[Black "letantha"]
[Result "0-1"]
[WhiteElo "2399"]
[BlackElo "2173"]
[TimeControl "180+1"]
[EndTime "14:47:58 PDT"]
[Termination "letantha won on time"]

1. d4 Nf6 2. c4 e6 3. Nc3 Bb4 4. a3 Bxc3+ 5. bxc3 b6 6. f3 Nc6 7. e4 O-O 8. Bd3 Ba6 9. Ne2 Na5 10. Bg5 h6 11.
Bh4 g5 12. Bf2 Bxc4 13. h4 g4 14. e5 gxf3 15. gxf3 Nh5 16. Bxc4 Nxc4 17. Qd3 d5 18. exd6 Nxd6 19. Rg1+ Kh8 20. d5 e5 21. Qe3 Qf6 22.
f4 exf4 23. Qd4 Qxd4 24. Bxd4+ f6 25. O-O-O Rae8 26. Rd2 Ne4 27. Rc2 f3 28. Re1 fxe2 29.
Rcxe2 Nd6 30. Re7 Rxe7 31. Rxe7 Rf7 32. Re6 Kg7 33. a4 Nf4 34. Re4 Nxd5 35. Rg4+ Kh7 36. h5 f5 37. Rg6 f4 38. Kd1 f3 39. Ke1 Ne4 40. a5 f2+ 41. Bxf2 Nxf2 42. c4 Ne3 43. c5 bxa5 44. Ra6 Nd3+ 45. Ke2 Nxc5 46. Rxa5 Nb3 47. Ra3 Nd4+ 48. Kd3 Nec2 49. Rxa7 Kg7 0-1

[Event "*** Titled Tuesday Blitz"]
[Site "Chess.com"]
[Date "2020.04.07"]
[Round "9"]
[White "Kaua18"]
[Black "nomessi"]
[Result "1-0"]
[WhiteElo "2193"]
[BlackElo "2314"]
[TimeControl "180+1"]
[EndTime "14:47:58 PDT"]
[Termination "Kaua18 won on time"]

1. e4 e5 2. Nf3 Nf6 3. d4 Nxe4 4. Bd3 d5 5. dxe5 Be7 6. O-O O-O 7. Re1 Nc5 8. Bf1 Bg4 9. Nc3 c6 10. Bf4 Nbd7 11. h3 Bh5 12. g4 Bg6 13. Bg3 Ne6 14. h4 h5 15. Nh2 Bxh4 16. gxh5 Bxg3 17. fxg3 Bh7 18. Qg4 Kh8 19. Nf3 Ndc5 20. b4 Ne4 21. Nxe4 Bxe4 22. Bd3 Qb6+ 23. Kg2 Bxf3+ 24. Qxf3 Qxb4 25.
Qf5 Qd2+ 26. Re2 Qh6 27. Rb1 Nd4 28. Qg4 Nxe2 29. Qxe2 b5 30. a4 a6 31. Qf2 Rae8 32.
axb5 axb5 33. Qc5 Kg8 34. Re1 Re6 35. Bf5 Qd2+ 36. Kf1 Ree8 37. Qxc6 d4 38. Qxb5 Rb8 39. Qd3 Qg5 40. Kg2 1-0

[Event "*** Titled Tuesday Blitz"]
[Site "Chess.com"]
[Date "2020.04.07"]
[Round "9"]
[White "lelya96"]
[Black "CalinGheorghiu"]
[Result "1-0"]
[WhiteElo "2269"]
[BlackElo "2400"]
[TimeControl "180+1"]
[EndTime "14:47:59 PDT"]
[Termination "lelya96 won by resignation"]

1. e4 e6 2. d4 d5 3. Nc3 Nf6 4.
Bg5 dxe4 5. Nxe4 Be7 6. Bxf6 gxf6 7. Nf3 b6 8. Qd2 Bb7 9. Bd3 a6 10. O-O-O b5 11. c4 bxc4 12. Bb1 Qd5 13. Rhe1 Nd7 14. Nc3 Qa5 15. d5 e5 16. Re4 Nb6 17. Nxe5 fxe5 18. Rxe5 O-O-O 19. Rxe7 Nxd5 20. Re5 c6 21. Qd4 f6 22.
Rh5 Qc7 23. Qxc4 Nxc3 24. Rxd8+ Rxd8 25. bxc3 Qd6 26. Bf5+ Kb8 27. Qe2 Qa3+ 28. Kb1 Qxc3 29. Rh3 Qc5 30. Bxh7 Rd4 31. Rb3 Rc4 32. Qe8+ Ka7 33.
Qe3 Qxe3 34. Rxe3 Rd4 35. Kc1 c5 36. Bd3 c4 37. Bc2 Rf4 38. Rg3 Rxf2 39. h4 Rxg2 40. Rxg2 Bxg2 41. h5 Bd5 42. h6 Bg8 43. h7 Bxh7 44.
Bxh7 Kb6 45. Kc2 Kc5 46. Kc3 a5 47. Bf5 Kb6 48. a4 Kc5 49. Bg6 Kd5 50. Bf7+ Kc5 51. Bxc4 f5 52. Bb5 f4 53. Kd3 f3 54. Ke3 Kb6 55. Kxf3 1-0

[Event "*** Titled Tuesday Blitz"]
[Site "Chess.com"]
[Date "2020.04.07"]
[Round "9"]
[White "Zkid"]
[Black "asms9699"]
[Result "1-0"]
[WhiteElo "2831"]
[BlackElo "2647"]
[TimeControl "180+1"]
[EndTime "14:48:02 PDT"]
[Termination "Zkid won by resignation"]

1. e4 c5 2. Nf3 d6 3. c3 Nf6 4. Be2 Nbd7 5. d3 g6 6. O-O Bg7 7. Re1 O-O 8. Bf1 b6 9. d4 Bb7 10. d5 Ne5 11. Nxe5 dxe5 12. c4 e6 13. Nc3 exd5 14.
cxd5 Ne8 15. a4 Nd6 16. a5 f5 17. exf5 gxf5 18. Qh5 Qe8 19. Qh4 Bf6 20. Bg5 Bxg5 21. Qxg5+ Kh8 22. axb6 axb6 23. Rxa8 Bxa8 24. Qh6 Qd8 25. Ra1 Bb7 26. Ra4 Qf6 27. Rh4 Qxh6 28. Rxh6 Rd8 29. Re6 e4 30. Re7 Bc8 31. g3 Rd7 32. Re6 Rd8 33. Re7 Rd7 34. Re5 Kg7 35. Na4 Rb7 36. f4 exf3 37. Re3 Kf6 38. Rxf3 Bd7 39.
Nc3 c4 40. Rf4 b5 41. Rh4 b4 42. Nd1 Ba4 43. Ne3 Ke5 44. Bxc4 Nxc4 45. Rxc4 Bb3 46. Rf4 Bxd5 47. Rxf5+ Ke4 48. Kf2 Bg8 49. Rf8 Rf7+ 50. Rxf7 Bxf7 51. Nc2 b3 52. Ne1 Kd4 53.
Nf3+ Ke4 54. Ng5+ Kd3 55. Nxf7 Kc2 56. Ne5 Kxb2 57. Ke3 Kc3 58. Nd3 Kc4 59. g4 Kd5 60. h4 Ke6 61. Nc5+ Ke5 62. Nxb3 1-0

[Event "*** Titled Tuesday Blitz"]
[Site "Chess.com"]
[Date "2020.04.07"]
[Round "9"]
[White "mbojan"]
[Black "Mikhail_Golubev"]
[Result "1-0"]
[WhiteElo "2696"]
[BlackElo "2531"]
[TimeControl "180+1"]
[EndTime "14:48:03 PDT"]
[Termination "mbojan won on time"]

1. e4 c5 2. Nf3 d6 3. d4 Nf6 4.
Nc3 cxd4 5. Nxd4 g6 6. Be3 Bg7 7. f3 Nc6 8. Qd2 O-O 9. O-O-O d5 10. Nxc6 bxc6 11. Bh6 Bxh6 12. Qxh6 Rb8 13. h4 Qb6 14. b3 Qb4 15. Kb2 d4 16. Ne2 c5 17. h5 c4 18.
Rxd4 c3+ 19. Kb1 Qa3 20. Qc1 Qxc1+ 21. Kxc1 Nxh5 22. g4 e5 23. Rd5 Nf4 24. Nxf4 exf4 25. Rc5 Be6 26. Rxc3 Rbc8 27. Rxc8 Rxc8 28. Bd3 Kg7 29.
Kd2 h5 30. gxh5 Rh8 31. h6+ Rxh6 32. Rxh6 Kxh6 33. c4 Kg5 34. Ke2 Kh4 35. Kf2 Kg5 36. c5 Kf6 37. Ke2 Ke5 38. Kd2 Kd4 39.
b4 Bxa2 40. c6 Be6 41. c7 g5 42. Ba6 g4 43. fxg4 Bxg4 44. c8=Q Bxc8 45. Bxc8 f3 46. Bb7 Kc4 47. Ke3 Kxb4 48. Kxf3 Kc5 49. Kf4 a5 50.
Kf5 1-0

[Event "*** Titled Tuesday Blitz"]
[Site "Chess.com"]
[Date "2020.04.07"]
[Round "9"]
[White "VincentKeymer"]
[Black "JoakimVonAnd"]
[Result "1-0"]
[WhiteElo "2656"]
[BlackElo "2486"]
[TimeControl "180+1"]
[EndTime "14:48:03 PDT"]
[Termination "VincentKeymer won by resignation"]

1. c4 c6 2. Nf3 d5 3. e3 Nf6 4. Nc3 Bf5 5. cxd5 cxd5 6. Qb3 Bc8 7. d4 Nc6 8. Bd2 e6 9. Bd3 Bd6 10. O-O O-O 11. Rfc1 Bd7 12. Na4 Na5 13. Bxa5 Qxa5 14. Nc5 Bc6 15. Ne5 Bxe5 16. dxe5 Ne4 17. Bxe4 dxe4 18.
Nxb7 Bxb7 19. Qxb7 Qxe5 20. Rc2 Rab8 21. Qxa7 Rxb2 22. Rxb2 Qxb2 23. Rd1 g6 24. a4 Rc8 25. h4 Rc2 26. Rd8+ Kg7 27. Qd4+ Qxd4 28. Rxd4 f5 29. Rd7+ Kg8 30. a5 Ra2 31. Ra7 e5 32. g3 Ra1+ 33. Kg2 Ra2 34. Kf1 Ra1+ 35. Ke2 Ra2+ 36. Kf1 Ra1+ 37. Kg2 Ra2 38. h5 Ra1 39. h6 Ra2 40. a6 Ra1 41. Rg7+ Kf8 42. a7 f4 43. gxf4 exf4 44. exf4 Ra2 45. Rxh7 e3 46. a8=Q+ Rxa8 47. Rh8+ Kf7 48. Rxa8 e2 49. Ra1 Kf6 50. Re1 Kf7 51.
Rxe2 Kg8 52. Re7 1-0

[Event "*** Titled Tuesday Blitz"]
[Site "Chess.com"]
[Date "2020.04.07"]
[Round "9"]
[White "StockholmMissile"]
[Black "Squirlolz"]
[Result "0-1"]
[WhiteElo "2398"]
[BlackElo "2574"]
[TimeControl "180+1"]
[EndTime "14:48:03 PDT"]
[Termination "Squirlolz won on time"]

1. d4 Nf6 2. c4 e6 3. Nf3 d5 4. Bg5 dxc4 5. e4 b5 6. a4 c6 7. Nc3 Bb4 8. Qc2 h6 9. Bxf6 Qxf6 10. e5 Qd8 11. g3 Bb7 12. Bg2 a6 13. O-O O-O 14. Rad1 Nd7 15. Nd2 Qb6 16. Nde4 c5 17. d5 Nxe5 18. dxe6 fxe6 19. axb5 Nd3 20. bxa6 Rxa6 21.
Nd2 Bxc3 22. bxc3 Bd5 23. Be4 Bxe4 24. Nxe4 Qc6 25. Nd2 Ne5 26. Rfe1 Rf5 27. f4 Ng4 28. Nxc4 Qa8 29. Qd2 Ra2 30. Qd8+ Qxd8 31. Rxd8+ Kh7 32.
Rd2 Rxd2 33. Nxd2 Rd5 34. Nf1 Rd3 35. Rxe6 Rxc3 36. Kg2 Rc2+ 37. Kg1 c4 38. Rc6 c3 39. h3 Nf2 40. Ne3 Nxh3+ 41. Kf1 Rd2 42. Ke1 Ng1 43. Rxc3 Nf3+ 44. Kf1 h5 0-1

[Event "*** Titled Tuesday Blitz"]
[Site "Chess.com"]
[Date "2020.04.07"]
[Round "9"]
[White "manmanlai1"]
[Black "thedjoker98"]
[Result "1-0"]
[WhiteElo "2335"]
[BlackElo "2456"]
[TimeControl "180+1"]
[EndTime "14:48:03 PDT"]
[Termination "manmanlai1 won by resignation"]

1. e4 e5 2. Nf3 Nc6 3. Bc4 Bc5 4. b4 Bxb4 5. c3 Ba5 6. d4 d6 7. Qb3 Qe7 8. d5 Nd4 9. Nxd4 exd4 10. O-O Bb6 11.
cxd4 Bxd4 12. Bb2 Bxb2 13. Qxb2 Qe5 14. Nc3 Nf6 15. Kh1 O-O 16. Bd3 Re8 17. Qd2 Qd4 18.
Rad1 c6 19. dxc6 bxc6 20. Qc2 Qc5 21. Qd2 d5 22. exd5 cxd5 23. Ne2 Bg4 24. f3 Be6 25. Rc1 Qd6 26. Nd4 Rac8 27. Rxc8 Rxc8 28. Rc1 Rxc1+ 29.
Qxc1 g6 30. Qc3 Kg7 31. Kg1 Qb6 32. Kh1 h6 33. a3 Bd7 34. h3 Qb8 35. Ne2 Qc8 36. Qd4 Bxh3 37. Nf4 Be6 38. Qe5 Qd7 39. Bxg6 fxg6 40. Nxe6+ Kf7 41. Nd4 Qe7 42. Qf4 Qxa3 43. Nc6 g5 44. Qc7+ Kg6 45. Ne7+ Kf7 46. Nxd5+ Ke6 47.
Qc6+ Ke5 48. Nxf6 Qc1+ 49. Qxc1 1-0

[Event "*** Titled Tuesday Blitz"]
[Site "Chess.com"]
[Date "2020.04.07"]
[Round "9"]
[White "dusanacns"]
[Black "TwentyHoursADay"]
[Result "0-1"]
[WhiteElo "2707"]
[BlackElo "2551"]
[TimeControl "180+1"]
[EndTime "14:48:04 PDT"]
[Termination "TwentyHoursADay won by resignation"]

1. e4 c5 2. Nf3 e6 3. Nc3 a6 4. d4 cxd4 5. Nxd4 Qc7 6. Bd3 Nf6 7.
f4 b5 8. e5 b4 9. Ne4 Nxe4 10.
Bxe4 Bb7 11. Qf3 Nc6 12. Nxc6 Bxc6 13. Bxc6 Qxc6 14. Qxc6 dxc6 15. Be3 O-O-O 16. Ke2 Be7 17. Rac1 Kb7 18. c3 a5 19. Rhd1 Rd5 20. c4 Rxd1 21.
Rxd1 Rd8 22. Rg1 c5 23. g4 Kc6 24. Rg3 h6 25. Rg1 Rh8 26. Kd3 h5 27. gxh5 Rxh5 28. Rxg7 Rxh2 29. Rxf7 Kd7 30. f5 Ke8 31. fxe6 Rxb2 32.
Rf2 Rxf2 33. Bxf2 Kf8 34. Ke4 a4 35. Kd3 Kg7 36. Be3 Kg6 37. Ke4 a3 38. Bc1 Kg7 39. Bd2 Kg6 40. Bc1 Kg7 41. Kf5 Kf8 42. Kg6 Kg8 43. Bd2 Kf8 44. Kh7 Bg5 45. Bxg5 b3 46.
Kg6 b2 47. Kf6 b1=Q 48. e7+ Ke8 49. Ke6 Qxa2 50. Bf6 Qxc4+ 51. Kf5 a2 0-1

[Event "*** Titled Tuesday Blitz"]
[Site "Chess.com"]
[Date "2020.04.07"]
[Round "9"]
[White "XDPS"]
[Black "severomorskij"]
[Result "1-0"]
[WhiteElo "2734"]
[BlackElo "2841"]
[TimeControl "180+1"]
[EndTime "14:48:05 PDT"]
[Termination "XDPS won on time"]

1. e4 c5 2. Nf3 Nc6 3. Bb5 d6 4. O-O Bd7 5. Re1 Nf6 6. c3 a6 7. Bf1 Bg4 8. h3 Bxf3 9. Qxf3 e6 10. d3 Be7 11. Bf4 O-O 12. Nd2 d5 13. Rad1 b5 14. Qe2 b4 15. Nb3 a5 16. Nc1 a4 17. a3 bxc3 18.
bxc3 Qa5 19. Qc2 c4 20. dxc4 dxe4 21. Bd6 Bxd6 22. Rxd6 Qc5 23. Red1 Ne5 24. Na2 e3 25. R6d4 exf2+ 26. Qxf2 Qxa3 27. Re1 Qc5 28. Nb4 Ng6 29. Rd2 Qxf2+ 30. Kxf2 Rfc8 31. Ra2 Nd7 32. Nc2 Nge5 33. Ne3 Nc5 34. Rea1 Rab8 35. Kg3 g5 36. Nc2 h6 37. Nd4 Nb3 38. Re1 Nxc4 39. Rxa4 Nxd4 40. cxd4 Nd6 41. Ra6 Nf5+ 42. Kh2 Nxd4 43. Rd1 Nf5 44. Rd7 Rd8 45. Rc7 Rbc8 46. Rb7 Rb8 47. Rc7 Rbc8 48. Rb7 Kf8 49.
Be2 Nd6 50. Rba7 Kg7 51. Bh5 Kf6 52. Bf3 Rb8 53. Ra4 Rf8 54. h4 Nf5 55. h5 Kg7 56.
Be4 1-0

[Event "*** Titled Tuesday Blitz"]
[Site "Chess.com"]
[Date "2020.04.07"]
[Round "9"]
[White "hermionegrangermagic"]
[Black "Korchmar_Vasiliy"]
[Result "1-0"]
[WhiteElo "2498"]
[BlackElo "2608"]
[TimeControl "180+1"]
[EndTime "14:48:05 PDT"]
[Termination "hermionegrangermagic won on time"]

1. e4 c5 2. Nf3 d6 3. d4 cxd4 4.
Nxd4 Nf6 5. Nc3 Nc6 6. Be2 e5 7. Nf3 h6 8. O-O Be7 9. h3 O-O 10. Be3 Be6 11. Nd2 Rc8 12. Bc4 a6 13. Bb3 b5 14. a4 Bxb3 15. cxb3 b4 16. Nd5 Nxd5 17. exd5 Na5 18. Rc1 Rxc1 19. Qxc1 Qa8 20. Bb6 Qxd5 21.
Bxa5 Qxa5 22. Qc6 d5 23. Nf3 Bf6 24. Rc1 e4 25. Rc5 Qd8 26. Rxd5 Qc8 27. Qxc8 Rxc8 28. Nd2 e3 29. fxe3 Rc2 30. Nc4 Bxb2 31. Ra5 Bf6 32. Rxa6 Rc3 33. Nd2 Rxe3 34. Rd6 Bc3 35. Nc4 Re1+ 36.
Kf2 Rb1 37. a5 Ra1 38. a6 Kh7 39. Kf3 Ra2 40. g3 f6 41. h4 Kg6 42. Ke4 h5 43. Kd5 Be1 44. Kc5 Bxg3 45. Rc6 Bxh4 46. Kxb4 Be1+ 47.
Kb5 h4 48. Ne5+ Kh7 49. Nf3 Bf2 50. Rc4 g5 51. Rc6 Kg6 52. Ne5+ Kf5 53. Nd7 Bd4 54. Rc4 Be5 55. Ra4 Rxa4 56. bxa4 Bd4 57. Nb6 Bxb6 58. Kxb6 h3 59. a7 1-0

[Event "*** Titled Tuesday Blitz"]
[Site "Chess.com"]
[Date "2020.04.07"]
[Round "9"]
[White "Alopekos"]
[Black "chiwii"]
[Result "1-0"]
[WhiteElo "2436"]
[BlackElo "2239"]
[TimeControl "180+1"]
[EndTime "14:48:05 PDT"]
[Termination "Alopekos won by resignation"]

1. e4 c5 2. Nc3 e6 3. Nge2 Nc6 4. d4 cxd4 5. Nxd4 a6 6. Be3 Qc7 7. Be2 Nf6 8. O-O Bb4 9. Na4 O-O 10. c4 Nxe4 11. c5 Nxc5 12. Nxc5 Bxc5 13. Nxc6 Bxe3 14. Ne7+ Kh8 15. fxe3 Qc5 16. Nxc8 Qxe3+ 17. Kh1 Raxc8 18. Bf3 d5 19. Rc1 Rxc1 20. Qxc1 Qe5 21. Qc5 Re8 22. Qb6 f6 23. Qxb7 h6 24. b3 a5 25.
Qb5 Ra8 26. Qc6 Rb8 27. Qc5 Ra8 28. h3 a4 29. Qc6 Rb8 30. Qxa4 Qb2 31. Qd7 Qxa2 32.
Qxe6 Qxb3 33. Bxd5 Qb5 34. Qf5 Rd8 35. Be4 Qxf5 36.
Bxf5 Kg8 37. h4 Kf7 38. h5 Rd5 39. Kh2 Ke7 40. Re1+ Kd6 41. Re6+ Kc5 42. g4 Rd2+ 43. Kg3 Kd5 44. Re7 Rd1 45. Rd7+ Ke5 46. Rxd1 g5 47. Re1+ Kd4 48. Re6 Kc3 49. Rxf6 Kd2 50. Rxh6 Ke3 51. Re6+ Kd4 52. Kf3 Kd5 53. Ke3 Kc5 54. Ke4 Kc4 55. Rc6+ Kb5 56. Kd5 Ka5 57. Kc5 Ka4 58. Rb6 Ka3 59.
h6 Ka2 60. h7 Ka1 61. h8=Q+ 1-0

[Event "*** Titled Tuesday Blitz"]
[Site "Chess.com"]
[Date "2020.04.07"]
[Round "9"]
[White "awesomevishesh"]
[Black "floplover"]
[Result "0-1"]
[WhiteElo "2440"]
[BlackElo "2274"]
[TimeControl "180+1"]
[EndTime "14:48:06 PDT"]
[Termination "floplover won on time"]

1. e4 c6 2. d4 d5 3. exd5 cxd5 4. Bd3 Nc6 5. c3 Nf6 6. Bf4 Bg4 7. Qb3 Qd7 8. Nd2 e6 9. Ngf3 Bd6 10. Bxd6 Qxd6 11.
O-O O-O 12. Rae1 Bh5 13. Ne5 Qc7 14. f4 Bg6 15. Nxg6 hxg6 16. g3 Rfc8 17. Nf3 a6 18.
Ne5 b5 19. a3 Na5 20. Qc2 Nc4 21. Qe2 a5 22. g4 Nd6 23. f5 exf5 24. gxf5 gxf5 25. Bxf5 Re8 26. Qg2 b4 27. Kh1 bxc3 28. bxc3 Qxc3 29. Bb1 Re6 30. Rg1 Nde8 31. Bf5 Rb6 32. Nd7 Qxd4 33. Nxb6 Qxb6 34. Bd3 Rd8 35. Re5 Qd4 36. Qg3 Rc8 37. Rf1 Rc3 38. Re3 Ne4 39. Qf3 N8f6 40. Rfe1 Rxd3 41. Rxd3 Qxd3 42. Qxd3 Nf2+ 43. Kg2 Nxd3 44. Rb1 a4 45. Rb5 g6 46.
Kf1 Kf8 47. Ke2 Ne5 48. Ra5 Ne4 49. Kd1 Nc4 0-1

[Event "*** Titled Tuesday Blitz"]
[Site "Chess.com"]
[Date "2020.04.07"]
[Round "9"]
[White "eightbyeightchess"]
[Black "Treacherous_horse64"]
[Result "0-1"]
[WhiteElo "2301"]
[BlackElo "2202"]
[TimeControl "180+1"]
[EndTime "14:48:07 PDT"]
[Termination "Treacherous_horse64 won by resignation"]

1. e4 c6 2. d4 d5 3. e5 Bf5 4. h4 a6 5. g4 Bd7 6. h5 h6 7. f4 Qc7 8. Nf3 Bxg4 9. Bd3 e6 10. Nc3 c5 11. Be3 cxd4 12. Bxd4 Nc6 13. Bf2 Nge7 14. Be2 Bf5 15. Qd2 Bh7 16. O-O-O Nf5 17.
Bd3 Bb4 18. a3 Ba5 19. Rhg1 d4 20. Bxf5 dxc3 21. Qe2 cxb2+ 22. Kb1 Bxf5 23. Rxg7 Bb6 24. Bh4 Na5 25. Bf6 Nc4 26. Rd3 Bxd3 27. Qxd3 Rf8 28. f5 Qc5 29. fxe6 Nxa3+ 30. Kxb2 Nc4+ 31. Ka2 Qa5+ 32. Kb1 Qb4+ 33. Kc1 Qb2+ 34. Kd1 Ne3+ 35. Ke2 Qxc2+ 36.
Qxc2 Nxc2 37. e7 Rh8 38. Nh4 Nd4+ 39. Kd3 Kd7 40. Rxf7 Rhe8 41. Ke4 Ne6 42. Nf5 a5 43. Nd6 a4 44. Nxe8 Rxe8 45. Rh7 a3 46. Rh8 a2 47. Rxe8 Kxe8 48. Kf5 Kf7 49. e8=Q+ Kxe8 50. Kxe6 a1=Q 51. Kf5 Qa2 52. Kg6 Qe6 53. Kxh6 Kf7 54. Kg5 Bc7 55. Kf4 Qxf6+ 0-1

[Event "*** Titled Tuesday Blitz"]
[Site "Chess.com"]
[Date "2020.04.07"]
[Round "9"]
[White "olksuna"]
[Black "michechess89"]
[Result "0-1"]
[WhiteElo "2596"]
[BlackElo "2456"]
[TimeControl "180+1"]
[EndTime "14:48:11 PDT"]
[Termination "michechess89 won on time"]

1. e4 e5 2. Nf3 Nf6 3. Nc3 Bb4 4. Nxe5 O-O 5. Nd3 Bxc3 6. dxc3 Nxe4 7. Be3 d6 8. Qf3 Ng5 9. Qh5 Ne6 10. O-O-O Nc6 11.
h4 Bd7 12. Qf3 Qf6 13. Qxf6 gxf6 14. Bh6 Rfe8 15. g3 Ne5 16. Bh3 Bc6 17. Rhe1 Nc5 18. Nxc5 dxc5 19. f4 Nc4 20. Rxe8+ Rxe8 21. b3 Nd6 22.
Rd3 c4 23. Rd4 b5 24. Kb2 Re3 25. a4 Rxg3 26. axb5 Bxb5 27. Bf5 Re3 28. Rd5 cxb3 29. cxb3 Re2+ 30. Ka3 a6 31. Rc5 c6 32. Bd7 Rh2 33. f5 Rxh4 34. Be3 Rh3 35. Bd4 Ne4 36. Rxc6 Bxc6 37.
Bxc6 Nd6 38. Bxf6 Rh5 39. Bb7 Rxf5 40. Bd4 Ra5+ 41. Kb2 Rb5 42. Bxa6 Rg5 43. b4 h5 44. Kb3 h4 45. Bc5 Ne4 46. Bb7 Nxc5+ 47. bxc5 Rxc5 48. Kb4 Rc7 49. Bh1 Kg7 50. c4 Kf6 51. c5 Ke5 52.
Kb5 Rc8 53. Kb6 Rb8+ 54. Kc7 Rb1 55. c6 Rxh1 0-1

[Event "*** Titled Tuesday Blitz"]
[Site "Chess.com"]
[Date "2020.04.07"]
[Round "9"]
[White "Saloni1299"]
[Black "XiaoKangZhong"]
[Result "0-1"]
[WhiteElo "2191"]
[BlackElo "2429"]
[TimeControl "180+1"]
[EndTime "14:48:11 PDT"]
[Termination "XiaoKangZhong won on time"]

1. e4 c6 2. d4 d5 3. e5 c5 4. dxc5 Nc6 5. Nf3 a6 6. h3 e6 7. Be3 Nge7 8. c3 Nf5 9. Bd4 Nfxd4 10. cxd4 b6 11. cxb6 Qxb6 12. Qd2 Rb8 13. b3 Bd7 14. Be2 Bb4 15. Nc3 Qa5 16. Rc1 O-O 17. O-O Rfc8 18. Qd3 Nxd4 19. Nxd4 Bxc3 20. Qxa6 Qxa6 21. Bxa6 Bxd4 22.
Bxc8 Bxc8 23. Rc6 Bxe5 24. Rfc1 Bb7 25. Rb6 Kf8 26. a4 Ke7 27. a5 Kd7 28. a6 Ba8 29.
Rxb8 Bxb8 30. b4 Bc6 31. Rc5 Ba7 32. Ra5 Kc7 33. b5 Bd7 34. Ra3 Kb6 35. Rf3 f6 36. Rg3 g6 37. Rf3 f5 38. Rc3 e5 39.
g3 d4 40. Rc2 d3 41. Rc3 e4 42. Kf1 Bxb5 43. Ke1 Bxa6 44. Kd2 Kb7 45. Rb3+ Bb6 46.
g4 Kc6 47. gxf5 gxf5 48. Ke1 Ba5+ 49. Kd1 Bc4 50. Ra3 Bb4 51. Ra8 Kc5 52. Rc8+ Kd4 53. Rd8+ Kc3 54. f4 Bb3+ 55. Kc1 Ba3+ 56. Kb1 Bc2+ 57.
Ka1 Bb2+ 58. Ka2 Bc1 59. Rc8+ Kd2 60. h4 Ke1 61. h5 d2 62. Rxc2 d1=Q 0-1